 Dungeon Crawl Stone Soup version 0.31-a0-202-g547052bce9 (webtiles) character file.

Game seed: 17232818007577279826

330 qw the Skirmisher (level 6, -4/35 HPs)
             Began as a Deep Elf Hunter on June 26, 2023.
             Slain by Sigmund
             ... wielding a +0 scythe
              (9 damage)
             ... on level 3 of the Dungeon.
             The game lasted 00:00:49 (1862 turns).

qw the Skirmisher (Deep Elf Hunter)                 Turns: 1862, Time: 00:00:49

Health: -4/35      AC:  3    Str: 10    XL:     6   Next: 26%
Magic:  8/8        EV: 12    Int: 14    God:
Gold:   194        SH:  0    Dex: 18    Spells: 5/5 levels left

rFire   . . .        Y - +1 orcbow
rCold   . . .        (shield currently unavailable)
rNeg    . . .        c - +0 leather armour
rPois   .            (no helmet)
rElec   .            (no cloak)
rCorr   .            (no gloves)
SInv    .            (no boots)
Will    +....        (no amulet)
Stlth   ++           e - ring of willpower
HPRegen 0.25/turn    (no ring)
MPRegen 0.11/turn

%: no passive effects
@: about to teleport
A: no striking features
a: no special abilities


You were on level 3 of the Dungeon.
You visited 1 branch of the dungeon, and saw 3 of its levels.

You collected 194 gold pieces.


   Skills:
 + Level 1.7 Fighting
 - Level 9.7 Ranged Weapons
 - Level 3.0 Dodging
 - Level 1.2 Stealth


You had 5 spell levels left.
You didn't know any spells.
Your spell library was empty.

Inventory:

Hand Weapons
 Y - a +1 orcbow (weapon)
Armour
 c - a +0 leather armour (worn)
 k - a +0 pair of boots
 o - a +0 helmet
Jewellery
 e - a ring of willpower (left hand)
Scrolls
 d - a scroll of enchant armour
 h - a scroll of identify
 i - a scroll of brand weapon {unknown}
 j - a scroll of amnesia {unknown}
 n - a scroll of immolation {unknown}
Potions
 a - a potion of brilliance {unknown}
 f - 2 potions of curing {unknown}
 g - a potion of resistance {unknown}
 l - a potion of mutation {unknown}
 m - a potion of heal wounds {unknown}

Dungeon Overview and Level Annotations

Branches:
Dungeon (3/15)

Altars:

Shops:
D:1 :

Annotations:
D:2 1 runed translucent door, Crazy Yiuf
D:3 Sigmund


Message History

Enter note:
Enter note:
Enter note:
Enter note:
Enter note:
Enter note:
1857 ||| FLEEEEING.
A goblin comes into view. It is wielding a +0 club.
You see here a +0 club.
Enter note:
Enter note:
Enter note:
Enter note:
Enter note:
Enter note:
Enter note:
Enter note:
Enter note:
Enter note: You shoot an arrow.
The goblin shouts!
The arrow hits the goblin.
The goblin is heavily wounded.
The goblin unwields a +0 club.
The goblin wields a +0 sling.
The goblin shoots a sling bullet.
The sling bullet hits you but does no damage.
You shoot an arrow. The arrow closely misses the goblin.
Something hits you.
The goblin shoots a sling bullet.
The sling bullet misses you.
You shoot an arrow. The arrow hits the orc!
You kill the orc!
The goblin shoots a sling bullet.
The sling bullet hits you. Something hits you!
1861 ||| READING scroll of teleportation.
As you read the scroll of teleportation, it crumbles to dust.
You feel strangely unstable.
The goblin shoots a sling bullet.
The sling bullet completely misses you.
You shoot an arrow. The arrow hits the goblin!
You kill the goblin!
Something hits you!
You die...

.........# #.....# ....)...#
#)...# .. ........####....##.. ..
#.)..)))....##.. ....# #.
#o......).).##.. ....# #.
#.......###.##.. ....# #.
#.........#%##.. ....#
#+####.##.)#.%..#.#.##.. ....+
.......@.>.#..).#.#..... ....#
####.####.....#....#.####.#
....###...........P......#.......
.........................#..###.#
.######...#...PP...PP....#..#....
.# #..........PP.8.PP....#[.#.#..
.# #.......#..P..........#..#.#.#
.###......)##..PPPPP.....#..#.#.#
...#.......###.)..P..#...#..#.#.#


There were no monsters in sight!

Vanquished Creatures
  Grinder (D:3)
  Robin (D:3)
  3 adders
  2 dart slugs
  6 orcs (D:3)
  3 ball pythons
  An endoplasm (D:2)
  4 giant cockroaches
  12 goblins
  11 hobgoblins
  8 kobolds
  5 quokkas
  6 bats (D:1)
  3 frilled lizards
  7 rats
73 creatures vanquished.

Notes
Turn   | Place    | Note
-------+----------+-------------------------------------------
     0 | D:1      | qw the Deep Elf Hunter began the quest for the Orb.
     0 | D:1      | Reached XP level 1. HP: 12/12 MP: 3/3
     0 | D:1      | 0 ||| qw: Version: 0.3-a-22-g0ed2b0b
     0 | D:1      | 0 ||| qw: Game counter: 5848
     0 | D:1      | 0 ||| qw: Melee chars always use a shield: true
     0 | D:1      | 0 ||| qw: God list: Okawaru
     0 | D:1      | 0 ||| qw: Allow faded altars: false
     0 | D:1      | 0 ||| qw: Do Orc after clearing Dungeon:15 true
     0 | D:1      | 0 ||| qw: Do second Lair branch before Depths: true
     0 | D:1      | 0 ||| qw: Lair rune preference: random
     0 | D:1      | 0 ||| qw: Goals: Normal
     0 | D:1      | 0 ||| PLANNING D:1-11
    14 | D:1      | 14 ||| SWAPPING to +0 orcbow.
    36 | D:1      | 36 ||| DROPPING +0 shortbow.
   119 | D:1      | Found Vokluv's Book Boutique.
   146 | D:1      | Reached skill level 6 in Ranged Weapons
   146 | D:1      | Reached XP level 2. HP: 16/16 MP: 4/4
   482 | D:1      | Found a faded altar of an unknown god.
   484 | D:1      | 484 ||| READING 2 scrolls labelled JEECUU EFUAMUSM.
   485 | D:1      | 485 ||| READING scroll labelled GIYCAE ISHROOGU.
   486 | D:1      | 486 ||| READING scroll labelled WOYRCHA SIEVO.
   487 | D:1      | 487 ||| READING scroll labelled RUSA TUCUD.
   663 | D:1      | 663 ||| READING scroll labelled EFRUVIF VEUP.
   664 | D:1      | 664 ||| DROPPING scroll of butterflies.
   796 | D:2      | Reached XP level 3. HP: 20/20 MP: 5/5
   886 | D:2      | Reached skill level 7 in Ranged Weapons
  1368 | D:2      | Found a runed translucent door.
  1369 | D:2      | Noticed Crazy Yiuf
  1372 | D:2      | 1372 ||| UPGRADING to ring of willpower.
  1373 | D:2      | 1373 ||| READING scroll labelled MATSEB KU FOK.
  1374 | D:2      | 1374 ||| READING scroll labelled OTOEMA HUYSK.
  1489 | D:3      | Reached XP level 4. HP: 25/25 MP: 6/6
  1606 | D:3      | Noticed Grinder
  1613 | D:3      | Killed Grinder
  1614 | D:3      | Reached skill level 9 in Ranged Weapons
  1614 | D:3      | Reached XP level 5. HP: 29/29 MP: 7/7
  1614 | D:3      | Reached XP level 6. HP: 34/34 MP: 8/8
  1803 | D:3      | Noticed Robin
  1804 | D:3      | Killed Robin
  1815 | D:3      | Reached skill level 3 in Dodging
  1846 | D:3      | Noticed Sigmund
  1852 | D:3      | 1852 ||| FLEEEEING.
  1853 | D:3      | 1853 ||| FLEEEEING.
  1854 | D:3      | 1854 ||| FLEEEEING.
  1855 | D:3      | 1855 ||| FLEEEEING.
  1856 | D:3      | 1856 ||| FLEEEEING.
  1857 | D:3      | 1857 ||| FLEEEEING.
  1860 | D:3      | HP: 5/35 [something (9)]
  1861 | D:3      | 1861 ||| READING scroll of teleportation.
  1862 | D:3      | Slain by Sigmund

Levels and vault maps discovered:
D:1:      dpeg_arrival_subterranean_lakeside_camping, layout_rooms,
          serial_shops, shop, hellmonk_ecumenical_altar_inner_sanctum,
          chequers_mini_garden, minmay_tiny_reverse_x
D:2:      minmay_alternating_diamond, layout_loops_ring, uniq_crazy_yiuf_cottage
D:3:      layout_basic, dreamdust_mushroom_princess, hex_large, uniq_sigmund,
          uniq_robin, uniq_grinder

Skill      XL: |  1  2  3  4  5  6 |
---------------+-------------------+-----
Ranged Weapons | 6 7 9 |  9.7
Dodging        | 3 |  3.0
Fighting       | |  1.7
Stealth        | |  1.2

Action                     |  1- 3 |  4- 6 || total
---------------------------+-------+-------++-------
   Fire: Orcbow            |    92 |    72 ||   164
         Shortbow          |     1 |       ||     1
    Use: Scroll            |     7 |     1 ||     8
 Armour: Leather armour    |     7 |     7 ||    14
  Dodge: Dodged            |    19 |    22 ||    41

Table legend:
 A = Non-vault XP
 B = Vault XP
 C = Vault XP percentage of total XP
 D = Non-vault monster count
 E = Vault monster count
 F = Vault count percentage of total count
                 A         B        C        D         E       F
            +---------+---------+-------+---------+---------+-------
      Total |     124 |     350 |  73.8 |      48 |      25 |  34.2
            +---------+---------+-------+---------+---------+-------
        D:1 |      26 |      12 |  31.6 |      16 |       8 |  33.3
        D:2 |      52 |       4 |   7.1 |      15 |       3 |  16.7
        D:3 |      46 |     334 |  87.9 |      17 |      14 |  45.2
            +---------+---------+-------+---------+---------+-------
